 Dungeon Crawl Stone Soup version 0.28.0-53-g5a82cb258f (webtiles) character file.

Game seed: 10702290869859848904

135 Descartes the Cudgeller (level 4, -13/48 HPs)
             Began as a Troll Chaos Knight on July 31, 2022.
             Was a Plaything of Xom.
             Mangled by an ogre
             ... wielding a +0 giant spiked club
              (19 damage)
             ... on level 4 of the Dungeon.
             The game lasted 00:02:44 (2522 turns).

Descartes the Cudgeller (Troll Chaos Knight)        Turns: 2522, Time: 00:02:45

Health: -13/48     AC:  6    Str: 20      XL:     4   Next: 97%
Magic:  3/3        EV: 10    Int:  6 (8)  God:    Xom [*.....]
Gold:   241        SH:  0    Dex: 11      Spells: 3/3 levels left

rFire   . . .      SeeInvis .   a - +0 mace (chaos)
rCold   . . .      Faith    .   (no shield)
rNeg    . . .      Spirit   .   b - +2 robe
rPois   .          Reflect  .   (helmet restricted)
rElec   .          Harm     .   (no cloak)
rCorr   .          Rampage  .   (gloves unavailable)
Will    .....                   (boots unavailable)
Stlth   +.........              (no amulet)
HPRegen 0.96/turn               (no ring)
MPRegen 0.08/turn               (no ring)

@: unable to read
A: large, unfitting armour, claws 3, regeneration 1, shaggy fur 1, tough skin 1,
deterioration 1, high MP 1, inability to read while threatened, MP-powered wands
a: Renounce Religion


You were on level 4 of the Dungeon.
You worshipped Xom.
You were a special plaything of Xom.
You visited 1 branch of the dungeon, and saw 4 of its levels.

You collected 241 gold pieces.

Inventory:

Hand Weapons
 a - a +0 mace of chaos (weapon)
 l - a +2 dagger of flaming
Missiles
 h - 6 poisoned darts (quivered)
 i - 3 boomerangs
 k - 2 throwing nets
Armour
 b - a +2 robe (worn)
Scrolls
 d - a scroll of noise {unknown}
 f - 2 scrolls of magic mapping {unknown}
 g - a scroll of fear {unknown}
 j - a scroll of enchant weapon {unknown}
 m - a scroll of identify {unknown}
 n - a scroll of holy word {unknown}
 o - a scroll of amnesia {unknown}
 p - a scroll of fog {unknown}
Potions
 c - a potion of might {unknown}
 e - a potion of cancellation {unknown}


   Skills:
 + Level 3.7 Fighting
 + Level 4.1 Maces & Flails
 - Level 1.9 Dodging


You had 3 spell levels left.
You didn't know any spells.
Your spell library contained the following spells:

 Spells                   Type           Power      Damage    Failure   Level
 Beastly Appendage        Tmut           0%         N/A       45%         1
 Wereblood                Tmut           0%         N/A       58%         2
 Dazzling Flash           Conj/Hex       0%         N/A       83%         3
 Spider Form              Tmut/Pois      0%         N/A       83%         3
 Iskenderun's Mystic Bla  Conj/Tloc      0%         2d3       99%         4
 Starburst                Conj/Fire      0%         6d3       100%        6


Dungeon Overview and Level Annotations

Branches:
Dungeon (4/15)
 Temple: D:4-7

Altars:


Innate Abilities, Weirdness & Mutations

You are too large for most types of armour.
You have claws for hands.
Your natural rate of healing is unusually fast.
You are covered in fur. (AC +1)
You have tough skin. (AC +1)
Your body sometimes deteriorates upon taking damage.
You have an increased reservoir of magic. (+10% MP)
You sometimes lose the ability to read scrolls when taking damage.
You expend magic power (3 MP) to strengthen your wands.


Message History

Your Maces & Flails skill increases to level 4!
You see here an iguana corpse.
An ogre comes into view. It is wielding a +0 giant spiked club.
The ogre shouts!
Xom's malign attention turns to you for a moment.
You feel dopey.
Unknown command.
An ogre is nearby!
You barely miss the ogre. The ogre barely misses you.
You hit the ogre.
The ogre is lightly wounded.
The ogre hits you with a +0 giant spiked club!
Your body deteriorates!
You feel dopey.
You barely miss the ogre.
The ogre is lightly wounded.
The ogre hits you but does no damage.
You sock the ogre!
The ogre is poisoned.
The ogre is heavily wounded.
The ogre barely misses you.
You barely miss the ogre.
The ogre is heavily wounded.
The ogre hits you with a +0 giant spiked club!
You feel threatened and lose the ability to read scrolls!
You barely miss the ogre.
The ogre is heavily wounded.
The ogre hits you with a +0 giant spiked club!!
* * * LOW HITPOINT WARNING * * *
You are too injured to fight recklessly!
You are too injured to fight recklessly!
You are too injured to fight recklessly!
You are too injured to fight recklessly!
You are too injured to fight recklessly!
You are too injured to fight recklessly!
You are too injured to fight recklessly!
You hit the ogre but do no damage.
The ogre is heavily wounded.
Xom opens a gate.
The ogre hits you with a +0 giant spiked club!!
You die...
Xom guffaws!

...# #... #....
.... ## ...####
.### #$... ... #
##..O####.#
+.##.5.@#....#
#.#.........###
#.............#
####
#............##
....##.........#..#
...>............###
...............#
....#.#.......#..##
...........†.###.#


You could see an ogre (poisoned, ally target) and a friendly white imp
(summoned).

Vanquished Creatures
  A hound (D:4)
  An iguana (D:4)
  3 adders
  A dart slug (D:2)
  An orc (D:3)
  7 endoplasms
  3 giant cockroaches
  8 hobgoblins
  5 kobolds
  A quokka (D:2)
  9 ball pythons
  2 bats
  3 frilled lizards
  6 rats
51 creatures vanquished.

Notes
Turn   | Place    | Note
-------+----------+-------------------------------------------
     0 | D:1      | Descartes the Troll Chaos Knight began the quest for the
                  | Orb.
     0 | D:1      | Reached XP level 1. HP: 22/22 MP: 0/0
   161 | D:1      | XOM: noise
   293 | D:1      | Reached skill level 3 in Maces & Flails
   384 | D:1      | XOM: divination: magic mapping
   410 | D:1      | Reached XP level 2. HP: 29/29 MP: 1/1
   591 | D:1      | XOM: stat loss: -1 Int (7/8)
   690 | D:1      | XOM: silly message
  1125 | D:2      | XOM: chaos cloud
  1130 | D:2      | XOM: blink monster(s)
  1140 | D:2      | Reached XP level 3. HP: 25/37 MP: 2/2
  1283 | D:2      | XOM: 9-stop teleportation journey
  1570 | D:2      | XOM: silly message
  2086 | D:3      | Reached XP level 4. HP: 39/45 MP: 3/3
  2412 | D:4      | XOM: polymorph adder -> hound
  2481 | D:4      | XOM: give mutations
  2481 | D:4      | Gained mutation: You sometimes lose the ability to read
                  | scrolls when taking damage. [Xom's mischief]
  2481 | D:4      | Gained mutation: Your body sometimes deteriorates upon
                  | taking damage. [Xom's mischief]
  2481 | D:4      | Gained mutation: You expend magic power (3 MP) to
                  | strengthen your wands. [Xom's mischief]
  2481 | D:4      | Gained mutation: You have an increased reservoir of magic.
                  | (+10% MP) [Xom's mischief]
  2502 | D:4      | Reached skill level 4 in Maces & Flails
  2515 | D:4      | Noticed an ogre
  2515 | D:4      | XOM: stat loss: -1 Int (7/8)
  2522 | D:4      | XOM: summons friendly white imp
  2522 | D:4      | Mangled by an ogre

Illustrated notes

Levels and vault maps discovered:
D:1:      nicolae_arrival_washed_ashore, layout_loops_cross
D:2:      layout_loops_corners
D:3:      layout_loops_ring, minmay_starry_boxes
D:4:      minmay_opposing_rooms, layout_cave_pools, kennysheep_little_box,
          minmay_misc_feat_columns

Skill      XL: |  1  2  3  4 |
---------------+-------------+-----
Maces & Flails | 3 4 |  4.1
Fighting       | 3 |  3.7
Dodging        | |  1.9

Action                   |  1- 3 |  4- 6 || total
-------------------------+-------+-------++-------
Melee: Mace              |   107 |    34 ||   141
 Stab: Sleeping          |     2 |     1 ||     3
Armor: Robe              |    48 |     9 ||    57
Dodge: Dodged            |    48 |    16 ||    64
